 Dungeon Crawl Stone Soup version 0.29.1-15-g9cfb28693d (webtiles) character file.

Game seed: 6612700377440451686

74 protoss039 the Digger (level 4, -5/33 HPs)
             Began as a Demonspawn Earth Elementalist on Mar 17, 2023.
             Was an Initiate of Vehumet.
             Killed from afar by Ijyb (14 damage)
             ... with an iceblast
             ... on level 4 of the Dungeon.
             The game lasted 00:04:11 (3850 turns).

protoss039 the Digger (DsEE)                        Turns: 3850, Time: 00:04:11

Health: -5/33      AC:  6    Str:  8    XL:     4   Next: 9%
Magic:  8/8        EV: 11    Int: 19    God:    Vehumet [......]
Gold:   133        SH:  5    Dex: 13    Spells: 2/8 levels left

rFire   . . .      SeeInvis .   d - +0 short sword
rCold   . . .      Faith    .   (no shield)
rNeg    . . .      Spirit   .   r - +3 leather armour
rPois   .          Reflect  +   (no helmet)
rElec   .          Harm     .   (no cloak)
rCorr   .          Rampage  .   (no gloves)
Will    .....                   (no boots)
Stlth   ++........              i - amulet of reflection
HPRegen 0.11/turn               (no ring)
MPRegen 0.11/turn               (no ring)

@: no status effects
A: claws 1
a: Renounce Religion


You were on level 4 of the Dungeon.
You worshipped Vehumet.
Vehumet was noncommittal.
You visited 2 branches of the dungeon, and saw 5 of its levels.

You collected 133 gold pieces.

Inventory:

Hand Weapons
 d - a +0 short sword (weapon)
Armour
 r - a +3 leather armour (worn)
Jewellery
 i - an amulet of reflection (around neck)
Scrolls
 e - a scroll of butterflies
 f - 2 scrolls of magic mapping
 j - 3 scrolls of summoning
 k - a scroll of fear
 l - a scroll of identify
 m - a scroll of immolation {unknown}
 o - a scroll of teleportation {unknown}
 u - 2 scrolls of blinking {unknown}
 v - a scroll of enchant weapon {unknown}
 w - 3 scrolls of amnesia {unknown}
 y - a scroll of enchant armour {unknown}
Potions
 a - a potion of attraction {unknown}
 b - a potion of magic
 c - a potion of degeneration {unknown}
 g - a potion of lignification {unknown}
 h - 2 potions of invisibility
 n - a potion of ambrosia {unknown}
 p - a potion of mutation {unknown}
 q - 2 potions of brilliance {unknown}
 s - a potion of flight {unknown}
 t - a potion of might {unknown}
 x - a potion of curing {unknown}
 z - a potion of haste {unknown}


   Skills:
 + Level 2.0 Fighting
 - Level 1.7 Dodging
 - Level 1.7 Stealth
 + Level 2.9 Spellcasting
 - Level 0.8 Transmutations
 + Level 3.3 Earth Magic


You had 2 spell levels left.
You knew the following spells:

 Your Spells              Type           Power      Damage    Failure   Level
a - Sandblast             Erth           30%        2d9       5%          1
b - Passwall              Tmut/Erth      8%         N/A       14%         2
c - Stone Arrow           Conj/Erth      18%        3d8       32%         3

Your spell library contained the following spells:

 Spells                   Type           Power      Damage    Failure   Level
 Blink                    Tloc           4%         N/A       34%         2
 Petrify                  Tmut/Erth      10%        N/A       67%         4
 Olgreb's Toxic Radiance  Pois           2%         N/A       92%         4
 Manifold Assault         Tloc           2%         N/A       99%         5
 Ozocubu's Refrigeration  Ice            1%         4d7       100%        7
 Storm Form               Tmut/Air       2%         N/A       100%        7
 Ignition                 Fire           1%         3d3       100%        8


Dungeon Overview and Level Annotations

Branches:
Dungeon (4/15) Zot: 20333  Temple (1/1) D:4 Zot: 5782

Altars:
Ashenzari
Cheibriados
Dithmenos
Fedhas
Gozag
Makhleb
Ru
Sif Muna
Uskayaw
Vehumet

Shops:
D:2 [   D:4 :

Annotations:
D:4 Ijyb, Pikel


Innate Abilities, Weirdness & Mutations

You have sharp fingernails.


Message History

Press: ? - help, v - describe, . - travel
Here: Ijyb, wielding a +0 club, wearing a +0 leather armour and carrying a wand of iceblast (5)
The floor.
Unknown command.
You swap places.
Unknown command.
You swap places.
Ijyb hits your butterfly with a +0 club.
Your butterfly dies!
Your butterfly disappears in a burst of colours!
Unknown command.
Found a pink potion.
There is a staircase to the Ecumenical Temple here.
You climb downwards.
Welcome to the Ecumenical Temple!
Found twelve altars.
There is a staircase back to the Dungeon here.
Unknown command.
HP restored.
Done exploring.
There is a radiant altar of Vehumet here.
You kneel at the altar of Vehumet.
Vehumet welcomes you!
Unknown command.
Press < or > to pray at altars.
Why would you want to do that?
There is a staircase back to the Dungeon here.
You climb upwards.
Welcome back to the Dungeon!
Level annotation: Ijyb, Pikel
There is a staircase to the Ecumenical Temple here.
There is a fountain of clear blue water here.
Ijyb zaps a wand.
The mass of ice explodes!
The iceblast engulfs you!
Unknown command.
Ijyb zaps a wand.
The mass of ice explodes!
The iceblast engulfs you!
* * * LOW HITPOINT WARNING * * *
You see here a pink potion.
Unknown command.
Unknown command.
z - a pink potion Ijyb zaps a wand.
The mass of ice explodes!
The iceblast engulfs you!
You die...

####b###.######
#..#...b.# #..#..####
#..#...g.#
#.....##.#####
#.###....⌠...###
#..............#
#######..⌠.>.⌠.#.##.#
#..............@....#
#.#.##.....⌠...######
#.#..#.#+#+#..##
#.#.##.#.# #.##
##.#.##.#.#.#.#
...#.##.#.#.#.#######
####.##.#.#.#.#.....#
#.##.#.#.#.....#
#.##.#.#.#...#.# #


You could see Ijyb.

Vanquished Creatures
  An adder (D:3)
  A white imp (D:3)
  A worm (D:3)
  A dart slug (D:3)
  An orc (D:4)
  6 ball pythons
  2 endoplasms (D:3)
  2 giant cockroaches (D:3)
  5 goblins
  5 hobgoblins
  A quokka (D:2)
  3 bats (D:1)
  3 frilled lizards
  10 kobolds
  8 rats
50 creatures vanquished.

Vanquished Creatures (others)
  A plant (D:4)
1 creature vanquished.

Grand Total: 51 creatures vanquished

Notes
Turn   | Place    | Note
-------+----------+-------------------------------------------
     0 | D:1      | protoss039 the Demonspawn Earth Elementalist began the
                  | quest for the Orb.
     0 | D:1      | Reached XP level 1. HP: 13/13 MP: 3/3
    75 | D:1      | Found a faded altar of an unknown god.
   356 | D:1      | Discovered your monstrous ancestry.
   356 | D:1      | Gained mutation: You have sharp fingernails. [demonic
                  | ancestry]
   356 | D:1      | Reached XP level 2. HP: 20/20 MP: 3/5
   512 | D:1      | Reached skill level 1 in Fighting
   677 | D:1      | Learned a level 2 spell: Passwall
   792 | D:2      | Found Loujatiu's Armour Shoppe.
   891 | D:2      | Reached skill level 3 in Earth Magic
  1421 | D:2      | Reached XP level 3. HP: 26/26 MP: 4/6
  1728 | D:2      | Learned a level 3 spell: Stone Arrow
  2713 | D:3      | Reached XP level 4. HP: 17/33 MP: 4/8
  3060 | D:4      | Noticed a scorpion
  3184 | D:4      | Found Uvuafarph's Book Emporium.
  3263 | D:4      | Noticed Pikel
  3263 | D:4      | Noticed a lemure
  3263 | D:4      | Noticed a lemure
  3264 | D:4      | Noticed a lemure
  3264 | D:4      | Noticed a lemure
  3596 | D:4      | Found a staircase to the Ecumenical Temple.
  3610 | D:4      | Noticed Ijyb
  3627 | Temple   | Entered the Ecumenical Temple
  3837 | Temple   | Became a worshipper of Vehumet
  3850 | D:4      | Killed from afar by Ijyb

Illustrated notes

Levels and vault maps discovered:
D:1:      erik_arrival_orb_chamber, layout_rooms,
          hellmonk_ecumenical_altar_heavens_door
D:2:      layout_loops_corners, serial_shops, shop
D:3:      layout_basic
D:4:      layout_basic, temple_fountains, serial_shops, nicolae_take_the_stairs,
          serial_bayou_lagoon_a, minivault_14, uniq_ijyb, uniq_pikel,
          uniq_duvessa
Temple:   nicolae_temple_no_exploring_needed

Skill      XL: |  1  2  3  4 |
---------------+-------------+-----
Fighting       | 1 2 |  2.0
Earth Magic    | 3 |  3.3
Dodging        | |  1.7
Stealth        | |  1.7
Spellcasting   | |  2.9
Transmutations | |  0.8

Action                   |  1- 3 |  4- 6 || total
-------------------------+-------+-------++-------
Melee: Short sword       |    87 |     4 ||    91
       Unarmed           |     3 |       ||     3
       Punch             |     1 |       ||     1
 Cast: Sandblast         |    44 |     7 ||    51
  Use: Scroll            |     4 |     3 ||     7
 Stab: Sleeping          |     7 |       ||     7
Armor: Robe              |     7 |       ||     7
       Leather armour    |    13 |     1 ||    14
Dodge: Dodged            |    68 |     7 ||    75
Block: Other             |    21 |     2 ||    23
